 Dungeon Crawl Stone Soup version 0.31-a0-925-g0a390f2509 (webtiles) character file.

Game seed: 137705001351642984

34824 benadryl the Covert (level 13, -2/113 HPs)
             Began as a Demonspawn Conjurer on Oct 17, 2023.
             Was a High Priest of Ashenzari.
             Slain by a sixfirhy (11 damage)
             ... in a Gauntlet on Oct 18, 2023.
             The game lasted 00:54:36 (22158 turns).

benadryl the Covert (Demonspawn Conjurer)          Turns: 22158, Time: 00:54:37

Health: -2/113     AC: 10    Str:  8    XL:     13   Next: 44%
Magic:  6/27       EV: 27    Int: 35    God:    Ashenzari [*****.]
Gold:   941        SH:  5    Dex: 13    Spells: 13/32 levels left

rFire   . . .        f - +0 dagger "Regret of Ashenzari" {elec, Comp, Bglg} (curse)
rCold   . . .        h - +0 buckler of the Lashed Agnosticism {Cun, Elem} (curse)
rNeg    . . .        a - +1 robe of the Cursed Moon {Cun, Self} (curse)
rPois   .            K - +0 hat "Pangnostic Free Will" {Elem, Bglg} (curse)
rElec   .            (no cloak)
rCorr   .            A - +0 pair of gloves "Shackled Disgust" {Comp, Range} (curse)
SInv    +            c - +2 pair of boots of Ashenzari's Omen {rampage, Bglg, Self} (curse)
Will    .....        w - amulet of the Shattered Moon {Acrobat, Comp, Elem} (curse)
Stlth   ++++++       u - ring of the Shattered Secrets {Int+6, Melee, Elem} (curse)
HPRegen 0.38/turn    C - ring of Supernal Wisdom {Int+6, Elem, Melee} (curse)
MPRegen 0.20/turn

%: no teleportation, acrobat, clarity, rampage
@: acrobatic
A: rugged brown scales 3, demonic guardian 2, ignite blood 1, weakness stinger 2
a: Renounce Religion, Curse Item, Shatter the Chains


You were in a Gauntlet.
You worshipped Ashenzari.
Ashenzari was extremely pleased with you.
You visited 3 branches of the dungeon, and saw 17 of its levels.
You also visited: Gauntlet and Ice Cave.

You collected 941 gold pieces.

Inventory:

Hand Weapons
 d - a +0 whip
 f - the cursed +0 dagger "Regret of Ashenzari" (weapon) {elec, Comp, Bglg}
   (You took it off a goblin on level 1 of the Dungeon)

   It has a curse which improves the following skills: Companions: Summonings
   and Necromancy.
   Beguiling: Conjurations, Hexes and Translocations.
 V - the +4 trident of Inconvenience {speed, rElec Str+3 SInv}
   (You found it on level 3 of the Lair of Beasts)

   Str+3:     It affects your strength (+3).
   rElec:     It insulates you from electricity.
   SInv:      It lets you see invisible.
Missiles
 q - a silver javelin
 G - 7 javelins
Armour
 a - the cursed +1 robe of the Cursed Moon (worn) {Cun, Self}

   It has a curse which improves the following skills: Cunning: Dodging and
   Stealth.
   Introspection: Fighting and Spellcasting.
 c - the cursed +2 pair of boots of Ashenzari's Omen (worn) {rampage, Bglg, Self}
   (You found it on level 1 of the Dungeon)

   It has a curse which improves the following skills: Beguiling: Conjurations,
   Hexes and Translocations.
   Introspection: Fighting and Spellcasting.
 h - the cursed +0 buckler of the Lashed Agnosticism (worn) {Cun, Elem}
   (You found it on level 3 of the Dungeon)

   It has a curse which improves the following skills: Cunning: Dodging and
   Stealth.
   Elements:  Fire Magic, Ice Magic, Air Magic and Earth Magic.
 y - +0 steam dragon scales
 A - the cursed +0 pair of gloves "Shackled Disgust" (worn) {Comp, Range}
   (You found it on level 8 of the Dungeon)

   It has a curse which improves the following skills: Companions: Summonings
   and Necromancy.
   Ranged Combat: Ranged Weapons and Throwing.
 K - the cursed +0 hat "Pangnostic Free Will" (worn) {Elem, Bglg}
   (You took it off Gastronok on level 10 of the Dungeon)

   It has a curse which improves the following skills: Elements: Fire Magic, Ice
   Magic, Air Magic and Earth Magic.
   Beguiling: Conjurations, Hexes and Translocations.
Jewellery
 u - the cursed ring of the Shattered Secrets (left hand) {Int+6, Melee, Elem}
   (You acquired it on level 7 of the Dungeon)

   [ring of intelligence]

   Int+6:     It affects your intelligence (+6).
   It has a curse which improves the following skills: Melee Combat: Short
   Blades, Long Blades, Axes, Maces & Flails, Polearms, Staves and Unarmed
   Combat.
   Elements:  Fire Magic, Ice Magic, Air Magic and Earth Magic.
 w - the cursed amulet of the Shattered Moon (around neck) {Acrobat, Comp, Elem}
   (You found it on level 6 of the Dungeon)

   [amulet of the acrobat]

   Acrobat:   It increases your evasion while moving and waiting.
   It has a curse which improves the following skills: Companions: Summonings
   and Necromancy.
   Elements:  Fire Magic, Ice Magic, Air Magic and Earth Magic.
 C - the cursed ring of Supernal Wisdom (right hand) {Int+6, Elem, Melee}
   (You found it on level 7 of the Dungeon)

   [ring of intelligence]

   Int+6:     It affects your intelligence (+6).
   It has a curse which improves the following skills: Elements: Fire Magic, Ice
   Magic, Air Magic and Earth Magic.
   Melee Combat: Short Blades, Long Blades, Axes, Maces & Flails, Polearms,
   Staves and Unarmed Combat.
 D - a +4 ring of slaying
 O - a ring of protection from cold
 X - a +5 ring of evasion
Talismans
 j - a storm talisman
Wands
 t - a wand of mindburst (21)
 E - a wand of flame (18)
 F - a wand of light (20)
 J - a wand of polymorph (6)
 M - a wand of paralysis (13)
 W - a wand of iceblast (5)
Scrolls
 b - 2 scrolls of noise
 g - 2 scrolls of amnesia
 i - 2 scrolls of immolation
 m - 13 scrolls of teleportation
 p - a scroll of brand weapon
 r - 7 scrolls of identify {@r1}
 s - 3 scrolls of enchant armour
 v - a scroll of revelation
 B - 2 scrolls of enchant weapon
 I - a scroll of vulnerability
 U - a scroll of fog
Potions
 e - 2 potions of cancellation
 k - 2 potions of attraction
 l - a potion of enlightenment
 n - 4 potions of curing {@q1}
 o - 4 potions of lignification
 z - a potion of heal wounds
 H - 2 potions of might
 N - a potion of mutation
 P - a potion of brilliance
 Q - 2 potions of ambrosia
 R - a potion of haste
 S - a potion of resistance
 T - a potion of berserk rage
Miscellaneous
 x - a phantom mirror


   Skills:
 - Level 8.3(11.5) Fighting
 - Level 1.3(3.3) Short Blades
 - Level 5.0 Armour
 - Level 1.9(4.2) Dodging
 - Level 12.9(16.0) Stealth
 - Level 5.0 Shields
 - Level 6.8(10.0) Spellcasting
 - Level 9.0(13.1) Conjurations
 - Level 6.5(10.7) Hexes
 * Level 9.9(14.0) Summonings


You had 13 spell levels left.
You knew the following spells:

 Your Spells              Type           Power      Damage    Failure   Level
a - Magic Dart            Conj           100%       1d8       0%          1
b - Searing Ray           Conj           100%       2d8       1%          2
c - Fulminant Prism       Conj/Hex       39%        3d17      1%          4
d - Dazzling Flash        Conj/Hex       100%       N/A       1%          3
e - Iskenderun's Mystic   Conj/Tloc      60%        2d13      2%          4
f - Summon Mana Viper     Hex/Summ       81%        N/A       1%          5

Your spell library contained the following spells:

 Spells                   Type           Power      Damage    Failure   Level
 Ensorcelled Hibernation  Hex/Ice        100%       N/A       1%          2
 Mephitic Cloud           Conj/Pois/Air  50%        N/A       1%          3
 Tukima's Dance           Hex            75%        N/A       1%          3
 Summon Ice Beast         Ice/Summ       63%        N/A       1%          4
 Dimensional Bullseye     Hex/Tloc       27%        N/A       3%          4
 Blink                    Tloc           42%        N/A       4%          2
 Passwall                 Tmut/Erth      16%        N/A       4%          2
 Poisonous Vapours        Pois/Air       40%        N/A       4%          2
 Sublimation of Blood     Necr           21%        N/A       4%          2
 Wereblood                Tmut           17%        N/A       5%          2
 Swiftness                Air            24%        N/A       8%          3
 Volatile Blastmotes      Fire/Tloc      44%        2d13      8%          3
 Gell's Gravitas          Tloc           21%        N/A       9%          3
 Teleport Other           Tloc           21%        N/A       9%          3
 Monstrous Menagerie      Summ           43%        N/A       10%         7
 Summon Hydra             Summ           43%        N/A       10%         7
 Freezing Cloud           Conj/Ice/Air   25%        6-21      13%         5
 Manifold Assault         Tloc           21%        N/A       28%         4
 Dispersal                Tloc           10%        N/A       99%         6


Dungeon Overview and Level Annotations

Branches:
Dungeon (12/15)            Temple (1/1) D:4            Lair (4/5) D:10
  Swamp (0/4) Lair:2        Snake (0/4) Lair:2          Orc (0/2) D:10
  IceCv (visited)         Gauntlet (1/1)
  Slime: Lair:4-5

Altars:
Ashenzari
Cheibriados
Dithmenos
Fedhas
Gozag
Hepliaklqana
Kikubaaqudgha
Makhleb
Nemelex Xobeh
Okawaru
Qazlal
Ru
Sif Muna
Trog
Uskayaw
Vehumet
Wu Jian
Xom
Yredelemnul

Shops:
D:7 :

Annotations:
D:7 3 runed translucent doors, Droidtality99's ghost, novice MiFi
D:9 6 transporters Gauntlet 12 transporters, 21 runed translucent doors, exclusion: obsidian statue


Innate Abilities, Weirdness & Mutations

You are completely covered in rugged brown scales. (AC +3, +7% HP)
A demonic guardian rushes to your aid.
Your demonic aura sometimes causes spilled blood to erupt in flames.
You have a tail ending in a sharp stinger.


Message History

(Press . to maintain the ray.)
You block the sixfirhy's attack. x2; The sixfirhy closely misses you.
The sixfirhy hits you.
* * * LOW HITPOINT WARNING * * *
The sixfirhy shocks you!
* * * LOW HITPOINT WARNING * * *
A demonic guardian appears!
Your mana viper bites the sixfirhy!
You feel much better.
The sixfirhy hits you but does no damage.
The sixfirhy hits you. The sixfirhy shocks you!
* * * LOW HITPOINT WARNING * * *
The sixfirhy hits you.
* * * LOW HITPOINT WARNING * * *
The sixfirhy shocks you!
* * * LOW HITPOINT WARNING * * *
The sixfirhy hits you but does no damage.
The sixfirhy closely misses you.
Your mana viper misses the sixfirhy.
The sixfirhy misses you.
Blink to where?
Press: ? - help, Dir - move target, p - sixfirhy
Found the amulet of the Priest {RegenMP rCorr Slay+4}.
As you read the scroll of blinking, it crumbles to dust.
Casting: Searing Ray (safe; 1% risk of failure)
Confirm with . or Enter, or press ? or * to list all spells.
Aiming: Searing Ray (safe; 1% risk of failure)
Press: ? - help, Shift-Dir - straight line, f - sixfirhy
Aim: a sixfirhy (almost dead, ally target, 61% to hit)
The searing ray misses the sixfirhy. (Press . to maintain the ray.)
The moth of wrath's fur bristles in rage as it notices you.
Your mana viper bites the sixfirhy!!
The sixfirhy dies!
Your rust devil closely misses the sixfirhy.
Casting: Searing Ray (safe; 1% risk of failure)
Confirm with . or Enter, or press ? or * to list all spells.
Okay, then.
The sixfirhy misses you. The sixfirhy hits you!
* * * LOW HITPOINT WARNING * * *
A demonic guardian appears!
The sixfirhy shocks you!
You die...

###########..#.#?##..^##.#.#..###
#8#..........#.#..#...#..#.#.....
###..........#.#b.^#.#...#.#.....
.....#########.###########.######
.....#©........#≈≈≈≈8≈§§§#.......
.#############.###########.######
.#s≈...≈≈..#.#.#.4....^..#.#.##.#
.#s≈..≈..≈.#.#.#^..^.....#.#.###.
.#.≈≈.≈≈.≈©#.#.#@3.......#.#.##..
.#..≈...≈.≈#.#.#[...S....#.#.#...
.#≈≈.≈.≈..y#.#©#©...4....#©#.###.
##.≈.≈≈≈.≈.#.###!........###.#.#.
©#..≈...~≈.#...#:........#...##.#
##.≈.≈..,≈s#...#..^......#...####
.#!≈.s©.~."#...#.^^......#...##..
.#######*###...###########...####
........,,,,,≈.............§.....


You could see a moth of wrath, a sixfirhy (ally target), a redback (wandering),
a fire bat, a friendly mana viper (summoned), a friendly hellwing (summoned) and
a friendly rust devil (summoned).

Vanquished Creatures
  An eleionoma (Lair:2)
  2 two-headed ogres
  Erica (D:9)
  Urug (D:10)
  5 death yaks (Lair:1)
  A sixfirhy (Gauntlet)
  A lindwurm (Lair:3)
  A cyclops (D:11)
  An ugly thing (D:6)
  3 black mambas
  An unseen horror (D:10)
  A gargoyle (D:6)
  6 cane toads
  Psyche (D:10)
  4 komodo dragons
  A kobold demonologist (D:10)
  A troll (D:9)
  Grinder (D:5)
  10 blink frogs
  A hornet (D:9)
  2 polar bears
  2 flying skulls (Gauntlet)
  A shadow (D:9)
  Grum (D:10)
  5 wyverns
  11 yaks
  4 steam dragons
  4 vampire mosquitoes (D:10)
  6 water moccasins
  4 nagas (Lair:2)
  3 orc warriors
  2 ogres
  4 sky beasts
  A black bear (D:7)
  17 wolves
  An elephant zombie (D:6)
  7 centaurs
  2 phantoms
  2 kobold brigands
  7 bullfrogs
  3 scorpions
  9 wights
  10 killer bees (D:9)
  An elephant simulacrum (IceCv)
  2 electric eels
  3 howler monkeys
  2 centaur zombies (D:6)
  A human zombie (D:6)
  4 hounds
  5 orc priests
  3 jellies
  A gnoll bouda (D:7)
  A sleepcap (D:5)
  4 iguanas
  Natasha (twice) (D:3)
  6 orc wizards
  A polar bear simulacrum (IceCv)
  A killer bee zombie (D:6)
  An ogre zombie (D:6)
  4 hound zombies (D:6)
  3 howler monkey zombies (D:6)
  4 gnolls (D:7)
  10 adders
  2 shadow imps
  13 white imps
  2 adder zombies (D:6)
  A worm (D:2)
  2 dart slugs (D:2)
  21 orcs
  4 bats
  9 endoplasms
  3 giant cockroaches
  9 goblins
  8 hobgoblins
  10 jackals
  13 kobolds
  7 quokkas
  11 ball pythons
  A frilled lizard (D:1)
  4 rats
331 creatures vanquished.

Vanquished Creatures (collateral kills)
  Gastronok (D:10)
  A death yak (Lair:1)
  2 two-headed ogres
  A skyshark (Lair:2)
  A sixfirhy (Gauntlet)
  An oklob plant (Lair:3)
  3 elephants (Lair:3)
  2 gargoyles
  3 blink frogs
  A flying skull (Gauntlet)
  A shadow (D:11)
  5 yaks (Lair:3)
  3 steam dragons
  2 nagas (Lair:2)
  2 water moccasins
  A centaur (D:10)
  2 bullfrogs
  A sleepcap (D:6)
  An orc wizard (D:11)
  2 white imps (Lair:1)
36 creatures vanquished.

Vanquished Creatures (others)
  A scorpion (D:6)
  24 fulminant prisms
25 creatures vanquished.

Grand Total: 392 creatures vanquished

Notes
Turn   | Place    | Note
-------+----------+-------------------------------------------
     0 | D:1      | benadryl the Demonspawn Conjurer began the quest for the
                  | Orb.
     0 | D:1      | Reached XP level 1. HP: 13/13 MP: 3/3
    98 | D:1      | Gained mutation: You are partially covered in rugged brown
                  | scales. (AC +1, +3% HP) [demonic ancestry]
    98 | D:1      | Reached XP level 2. HP: 6/19 MP: 0/5
   521 | D:1      | Learned a level 2 spell: Searing Ray
   951 | D:1      | Gained mutation: You have a small tail. [demonic ancestry]
   951 | D:1      | Reached XP level 3. HP: 20/24 MP: 4/7
  1793 | D:2      | Reached XP level 4. HP: 30/30 MP: 10/10
  1901 | D:2      | You fall into a shaft and drop 2 floors!
  2044 | D:4      | Gained mutation: Your demonic aura sometimes causes spilled
                  | blood to erupt in flames. [demonic ancestry]
  2044 | D:4      | Reached XP level 5. HP: 36/36 MP: 8/12
  2231 | D:3      | Reached skill level 5 in Spellcasting
  2782 | D:3      | Reached skill level 1 in Fighting
  3020 | D:3      | Noticed Natasha
  3028 | D:3      | Killed Natasha
  3336 | D:3      | Noticed Natasha
  3343 | D:3      | Killed Natasha
  3821 | D:4      | Gained mutation: A weak demonic guardian rushes to your
                  | aid. [demonic ancestry]
  3821 | D:4      | Reached XP level 6. HP: 40/48 MP: 8/13
  4048 | D:4      | Found a staircase to the Ecumenical Temple.
  4055 | Temple   | Entered the Ecumenical Temple
  4064 | Temple   | Became a worshipper of Ashenzari the Shackled
  4728 | D:4      | Noticed a steam dragon
  4736 | D:4      | Killed a steam dragon
  4737 | D:4      | Reached skill level 5 in Fighting
  4936 | D:5      | Entered Level 5 of the Dungeon
  5067 | D:5      | Gained mutation: You are mostly covered in rugged brown
                  | scales. (AC +2, +5% HP) [demonic ancestry]
  5067 | D:5      | Reached XP level 7. HP: 51/58 MP: 9/14
  5689 | D:5      | Noticed Grinder
  5699 | D:5      | Paralysed by Grinder for 3 turns
  5703 | D:5      | Killed Grinder
  5837 | D:5      | Gained mutation: You are completely covered in rugged brown
                  | scales. (AC +3, +7% HP) [demonic ancestry]
  5837 | D:5      | Reached XP level 8. HP: 60/68 MP: 8/15
  6488 | D:6      | Noticed a purple ugly thing
  6548 | D:6      | Killed a purple ugly thing
  6773 | D:6      | Noticed a gargoyle
  6780 | D:6      | Killed a gargoyle
  6783 | D:6      | Gained mutation: A demonic guardian rushes to your aid.
                  | [demonic ancestry]
  6783 | D:6      | Reached XP level 9. HP: 44/73 MP: 6/16
  7086 | D:6      | Learned a level 4 spell: Fulminant Prism
  7090 | D:6      | Learned a level 3 spell: Dazzling Flash
  7281 | D:6      | Reached skill level 5 in Hexes
  7512 | D:6      | Found a basalt altar of Yredelemnul.
  8133 | D:6      | Reached skill level 2 in Stealth
  8640 | D:7      | Reached skill level 3 in Stealth
  8964 | D:7      | Found a runed translucent gate.
  8964 | D:7      | Found a runed translucent gate.
  8966 | D:7      | Found a runed translucent gate.
  8968 | D:7      | Noticed Droidtality99's ghost (novice MiFi)
  8970 | D:7      | Reached * piety under Ashenzari
  8970 | D:7      | Identified a scroll of acquirement
  8971 | D:7      | Acquired a +6 ring of intelligence
  9031 | D:7      | Found Padatt's Book Shop.
  9055 | D:7      | Reached skill level 4 in Stealth
  9122 | D:7      | Reached skill level 5 in Stealth
 10118 | D:8      | Reached ** piety under Ashenzari
 10344 | D:8      | Reached skill level 6 in Stealth
 10449 | D:8      | Reached XP level 10. HP: 81/84 MP: 14/19
 10758 | D:8      | Noticed a two-headed ogre
 10765 | D:8      | Killed a two-headed ogre
 10766 | D:8      | Reached skill level 7 in Stealth
 11259 | D:8      | Learned a level 4 spell: Iskenderun's Mystic Blast
 11410 | D:9      | Reached skill level 8 in Stealth
 11909 | D:9      | Reached skill level 9 in Stealth
 11934 | D:9      | Noticed Erica
 12199 | D:9      | Found a transporter.
 12216 | D:9      | Found a transporter.
 12392 | D:9      | Found a transporter.
 12397 | D:9      | Found a transporter.
 12511 | D:9      | Found a transporter.
 12517 | D:9      | Found a transporter.
 12757 | D:9      | Found a radiant altar of Vehumet.
 12758 | D:9      | Found a shadowy altar of Dithmenos.
 12758 | D:9      | Found an ornate altar of the Wu Jian Council.
 12759 | D:9      | Found an iron altar of Okawaru.
 12850 | D:9      | Killed Erica
 13029 | D:10     | Entered Level 10 of the Dungeon
 13057 | D:10     | Noticed a two-headed ogre
 13062 | D:10     | Reached skill level 1 in Summonings
 13069 | D:10     | Killed a two-headed ogre
 13070 | D:10     | Gained mutation: You have a tail ending in a sharp stinger.
                  | [demonic ancestry]
 13070 | D:10     | Reached XP level 11. HP: 95/95 MP: 2/20
 13193 | D:10     | Noticed Psyche
 13480 | D:10     | Noticed Urug
 13495 | D:9      | Learned a level 5 spell: Summon Mana Viper
 13514 | D:10     | Killed Urug
 13686 | D:10     | Noticed a soul eater
 13974 | D:10     | Killed Psyche
 14013 | D:10     | Noticed Grum
 14024 | D:10     | Killed Grum
 14252 | D:10     | Reached *** piety under Ashenzari
 14290 | D:10     | Noticed Gastronok
 14302 | D:10     | Reached skill level 1 in Shields
 14316 | D:10     | Killed Gastronok
 14326 | D:10     | Found a staircase to the Lair.
 14611 | D:10     | Found a staircase to the Orcish Mines.
 14815 | D:11     | Reached skill level 5 in Shields
 14840 | D:11     | Reached skill level 1 in Armour
 14877 | D:11     | Noticed a two-headed ogre
 14885 | D:11     | Killed a two-headed ogre
 15357 | D:11     | Reached **** piety under Ashenzari
 15636 | D:12     | Noticed a two-headed ogre
 15644 | D:12     | Killed a two-headed ogre
 15645 | D:12     | Reached skill level 5 in Armour
 15746 | Lair:1   | Entered Level 1 of the Lair of Beasts
 15804 | Lair:1   | Reached skill level 1 in Short Blades
 15804 | Lair:1   | Reached XP level 12. HP: 106/107 MP: 25/25
 15860 | Lair:1   | Found a frozen archway.
 15923 | IceCv    | Entered an ice cave
 16458 | Lair:1   | Noticed a death yak
 16460 | Lair:1   | Noticed a death yak
 16466 | Lair:1   | Noticed a death yak
 16468 | Lair:1   | Noticed a death yak
 16469 | Lair:1   | Noticed a death yak
 16471 | Lair:1   | Noticed a death yak
 16480 | Lair:1   | Killed a death yak
 16487 | Lair:1   | Killed a death yak
 16488 | Lair:1   | Reached skill level 10 in Stealth
 16494 | Lair:1   | Killed a death yak
 16496 | Lair:1   | Killed a death yak
 16783 | Lair:1   | Killed a death yak
 16788 | Lair:1   | Killed a death yak
 16789 | Lair:1   | Reached skill level 11 in Stealth
 16908 | Lair:1   | Found a shadowy altar of Dithmenos.
 17728 | Lair:2   | Reached skill level 12 in Stealth
 17750 | Lair:2   | Found a staircase to the Swamp.
 17750 | Lair:2   | Noticed an eleionoma
 17763 | Lair:2   | Killed an eleionoma
 18107 | Lair:2   | Reached skill level 5 in Summonings
 18770 | Lair:2   | Found a shimmering altar of Xom.
 19124 | Lair:2   | Found a staircase to the Snake Pit.
 19145 | Lair:2   | Reached XP level 13. HP: 104/113 MP: 19/26
 19312 | Lair:2   | Reached ***** piety under Ashenzari
 19765 | Lair:3   | Identified the +4 trident of Inconvenience {speed, rElec
                  | Str+3 SInv}
 21357 | Lair:3   | Upgraded the game from 0.31-a0-920-g28cbb04a8c to
                  | 0.31-a0-925-g0a390f2509
 21675 | Gauntlet | Identified the of Gimehi Ostra
 21728 | Lair:4   | Found a gate leading to a gauntlet.
 21749 | Gauntlet | Entered a Gauntlet
 21749 | Gauntlet | Found a transporter.
 21749 | Gauntlet | Found a transporter.
 21749 | Gauntlet | Found a large runed translucent door.
 21749 | Gauntlet | Found a large runed translucent door.
 21749 | Gauntlet | Found a large runed translucent door.
 21749 | Gauntlet | Found a large runed translucent door.
 21749 | Gauntlet | Found a large runed translucent door.
 21749 | Gauntlet | Found a large runed translucent door.
 21749 | Gauntlet | Found a runed translucent door.
 21749 | Gauntlet | Found a runed translucent door.
 21749 | Gauntlet | Found a large runed translucent door.
 21749 | Gauntlet | Found a large runed translucent door.
 21749 | Gauntlet | Found a large runed translucent door.
 21749 | Gauntlet | Found a large runed translucent door.
 21749 | Gauntlet | Found a large runed translucent door.
 21749 | Gauntlet | Found a large runed translucent door.
 21753 | Gauntlet | Found a large runed translucent door.
 21753 | Gauntlet | Found a large runed translucent door.
 21753 | Gauntlet | Found a large runed translucent door.
 21753 | Gauntlet | Found a large runed translucent door.
 21754 | Gauntlet | Found a transporter.
 21760 | Gauntlet | Found a runed translucent gate.
 21760 | Gauntlet | Found a runed translucent gate.
 21760 | Gauntlet | Found a runed translucent gate.
 21762 | Gauntlet | Found a transporter.
 21780 | Gauntlet | Found a transporter.
 21806 | Gauntlet | Found a transporter.
 21821 | Gauntlet | Found a transporter.
 21842 | Gauntlet | Found a transporter.
 21842 | Gauntlet | Identified the -2 helmet of Docad {Contam rN+ Regen+ Int+3}
 21850 | Gauntlet | Found a transporter.
 21855 | Gauntlet | Identified the +0 hat of Puqed {Drain rElec rF++ rCorr}
 21868 | Gauntlet | Found a transporter.
 21962 | Gauntlet | Found a transporter.
 21977 | Gauntlet | Found a transporter.
 21992 | Gauntlet | Found a transporter.
 21995 | Gauntlet | Noticed a quicksilver ooze
 22009 | Gauntlet | Identified the +0 pair of boots "Cononalo" {+Inv rPois}
 22010 | Gauntlet | Found a transporter.
 22149 | Gauntlet | Found a transporter.
 22156 | Gauntlet | Identified the amulet of the Priest {RegenMP rCorr Slay+4}
 22158 | Gauntlet | Slain by a sixfirhy

Illustrated notes

Levels and vault maps discovered:
D:1:      nicolae_arrival_memento_mori, layout_rooms,
          nicolae_twisty_statue_hallways
D:2:      layout_basic, hex_large, minmay_snake_closets
D:3:      layout_loops_corners, serial_glass, glass_columns_a, glass_columns_b,
          glass_columns_a, glass_columns_c, glass_columns_b,
          serial_bayou_pond_c, uniq_natasha
D:4:      layout_loops_corners, minmay_temple_entry_mist
D:5:      layout_loops_ring, uniq_grinder
D:6:      kennysheep_big_flooded_room, layout_basic, roadster_capsule_ark_zombie
D:7:      layout_basic, serial_shops, nicolae_shop_advertising_works
          [nicolae_subvault_shop_adworks], ebering_ghost_rock_garden
D:8:      layout_loops_corners
D:9:      layout_stronghold, chequers_temple_overflow_statue_of_worship,
          serial_nicolae_subway, nicolae_sub_station_metal,
          nicolae_sub_station_stone, nicolae_sub_station_crystal, uniq_erica
D:10:     layout_rooms, david_lair_shrubbed, orc_0_dummy, roderic_lattice_a,
          hangedman_misty_isle, uniq_grum, uniq_psyche, uniq_gastronok,
          uniq_urug
D:11:     layout_loops_ring
D:12:     layout_roguey, serial_shops, nicolae_shop_gaudy_bauble,
          nrook_loot_triangle
Temple:   nicolae_temple_no_exploring_needed
Lair:1:   layout_gridlike, portal_ice_cave_entry_imps, lemuel_centaur_altar,
          infiniplex_staircase_pool
Lair:2:   layout_cellular_growth, alex1729_swamp_entry_worm_eleionoma,
          minmay_snake_entry_guardpost_medium, basic_altar
Lair:3:   layout_roguey, grunt_megastairs_5
Lair:4:   layout_cave_pods, gauntlet_entry_generic, basic_altar,
          lemuel_fruit_fields, uniq_sonja, uniq_nessos
Gauntlet: gammafunk_gauntlet_branching [gammafunk_gauntlet_arena_mazey,
          minmay_gauntlet_arena_make_your_own_arena,
          gammafunk_gauntlet_arena_chambers, gammafunk_gauntlet_arena_open,
          gammafunk_gauntlet_arena_arrow_garden,
          gammafunk_gauntlet_arena_spirals, nicolae_gauntlet_arena_flowing_pool,
          nicolae_gauntlet_arena_quarters,
          nicolae_gauntlet_exit_dead_adventurers]

Skill      XL: |  1  2  3  4  5  6  7  8  9 10 11 12 13 |
---------------+----------------------------------------+-----
Spellcasting   | 3 4 5 6 |  6.8
Fighting       | 3 5 6 8 |  8.3
Conjurations   | 6 9 |  9.0
Hexes          | 3 6 |  6.5
Stealth        | 6 9 12 | 12.9
Summonings     | 3 4 6 9 |  9.9
Shields        | 5 |  5.0
Armour         | 5 |  5.0
Short Blades   | 1 |  1.3
Dodging        | |  1.9

Action                     |  1- 3 |  4- 6 |  7- 9 | 10-12 | 13-15 || total
---------------------------+-------+-------+-------+-------+-------++-------
  Melee: Unarmed           |    24 |       |       |       |       ||    24
         Whip              |    26 |       |       |       |       ||    26
         Dagger            |    35 |   122 |    88 |   229 |    79 ||   553
         Punch             |     2 |       |       |     1 |       ||     3
         Tailslap          |     3 |    11 |    17 |    38 |    13 ||    82
  Throw: Javelin           |       |       |     3 |       |       ||     3
   Cast: Magic Dart        |    60 |    11 |    25 |     3 |       ||    99
         Searing Ray       |       |    10 |    51 |    36 |     6 ||   103
         Fulminant Prism   |       |       |     5 |    16 |     3 ||    24
         Dazzling Flash    |       |       |     4 |    12 |     1 ||    17
         Iskenderun's Myst |       |       |       |    27 |     6 ||    33
         Summon Mana Viper |       |       |       |    28 |     8 ||    36
 Invoke: Curse Item        |       |       |     3 |     4 |     2 ||     9
  Evoke: Wand              |       |       |       |     3 |       ||     3
    Use: Potion            |     1 |       |     1 |     2 |     1 ||     5
         Scroll            |       |    12 |     2 |     1 |     1 ||    16
   Stab: Sleeping          |     1 |    10 |     2 |    13 |     7 ||    33
         Distracted        |       |     1 |       |     2 |     2 ||     5
         Invisible         |       |       |     1 |     7 |     2 ||    10
 Armour: Robe              |    62 |    76 |   168 |   205 |    66 ||   577
  Dodge: Dodged            |    64 |    80 |   137 |   265 |    54 ||   600
  Block: Buckler           |       |       |       |    56 |    24 ||    80

Table legend: (Time is in decaauts)
 A = Elapsed time spent in this place.
 B = Non-inter-level travel time spent in this place.
 C = Inter-level travel time spent in this place.
 D = Time resting spent in this place.
 E = Time spent auto-exploring this place.
 F = Levels seen in this place.
 G = Mean time per level.
                   A        B        C        D        E       F      G
               +--------+--------+--------+--------+--------+-----+--------+
         Total |  22183 |  21095 |   1088 |   7623 |   9871 |  19 | 1167.5 |
       Dungeon |  16137 |  15343 |    794 |   5332 |   7866 |  12 | 1344.8 |
        Temple |     17 |      9 |      8 |      0 |      0 |   1 |   17.0 |
          Lair |   5604 |   5319 |    285 |   2281 |   2004 |   4 | 1401.0 |
      Ice Cave |     15 |     15 |      0 |      0 |      0 |   1 |   15.0 |
      Gauntlet |    408 |    408 |      0 |     10 |      0 |   1 |  408.0 |
               +--------+--------+--------+--------+--------+-----+--------+

Top non-repeatable levels by time:
  Lair:2: 2477 daAuts
     D:6: 2198 daAuts
     D:9: 2051 daAuts
    D:10: 1723 daAuts
  Lair:3: 1566 daAuts
     D:5: 1503 daAuts
  Lair:1: 1486 daAuts
     D:8: 1463 daAuts
     D:4: 1393 daAuts
     D:7: 1383 daAuts
     D:3: 1349 daAuts
     D:1: 1126 daAuts
     D:2: 1059 daAuts
    D:11: 829 daAuts
Gauntlet: 408 daAuts
